 Dungeon Crawl Stone Soup version 0.20-a0-517-g5f97612 (webtiles) character file.

14368 Kidiri the Thaumaturge (level 11, -29/60 HPs)
             Began as a Deep Elf Fire Elementalist on Jan 24, 2017.
             Was a Follower of Vehumet.
             Annihilated by a white ugly thing (31 damage)
             ... on level 9 of the Dungeon.
             The game lasted 00:44:12 (13617 turns).

Kidiri the Thaumaturge (DEFE)                      Turns: 13617, Time: 00:44:13

Health: -29/60     AC: 13    Str: 10    XL:     11   Next: 87%
Magic:  6/29       EV: 14    Int: 24    God:    Vehumet [*.....]
Gold:   452        SH:  6    Dex:  9    Spells: 1/34 levels left

rFire    . . .     SeeInvis .   d - +12 trident "Byre" {flame, rElec Str+5 Dex-4 Stlth+}
rCold    . . .     Gourm    .   x - +0 leather armour {rPois}
rNeg     . . .     Faith    .   w - +2 buckler
rPois    +         Spirit   .   q - +1 helmet
rElec    +         Reflect  .   k - +1 cloak {+Inv}
rCorr    .         Harm     .   C - +2 pair of gloves
MR       ++...                  e - +1 pair of boots
Stlth    +++.......             l - amulet of rage
Regen    0.2/turn               (no ring)
                                u - ring of protection from magic

@: studying Shields, repel missiles
A: blink, clumsy 1, sturdy frame 1
a: Blink, Renounce Religion, Evoke Berserk Rage, Evoke Invisibility


You were on level 9 of the Dungeon.
You worshipped Vehumet.
Vehumet was aware of your devotion.
You were not hungry.

You visited 2 branches of the dungeon, and saw 11 of its levels.
You also visited: Sewer and Bailey.

You collected 737 gold pieces.
You spent 285 gold pieces at shops.

Inventory:

Hand Weapons
 d - the +12 trident "Byre" (weapon) {flame, rElec Str+5 Dex-4 Stlth+}
   (You found it on level 10 of the Dungeon)

   It has been specially enchanted to burn those struck by it, causing extra
   injury to most foes and up to half again as much damage against particularly
   susceptible opponents.
   It affects your strength (+5).
   It affects your dexterity (-4).
   It insulates you from electricity.
   It makes you more stealthy.
 r - a +2 dagger of holy wrath
 E - a +1 rapier of electrocution
Armour
 e - a +1 pair of boots (worn)
 i - a +1 robe of the Archmagi
 k - a +1 cloak of invisibility (worn)
 q - a +1 helmet (worn)
 w - a +2 buckler (worn)
 x - a +0 leather armour of poison resistance (worn)
 C - a +2 pair of gloves (worn)
Jewellery
 l - an amulet of rage (around neck)
 u - a ring of protection from magic (left hand)
Wands
 h - a wand of paralysis (19/24)
 F - a wand of iceblast (10/15)
 G - a wand of paralysis (2/24)
Scrolls
 f - a scroll of amnesia
 s - 6 scrolls of teleportation
 z - a scroll of recharging
Potions
 a - 2 potions of cancellation
 g - 6 potions of curing
 j - a potion of berserk rage
 m - 2 potions of flight
 n - a potion of might
 o - 2 potions of agility
 t - 2 potions of lignification
 v - 2 potions of brilliance
 A - a potion of magic {unknown}
 J - a potion of invisibility {unknown}
Books
 y - a book of Air

   Spells                             Type                      Level
   a - Shock                          Conjuration/Air              1
   b - Swiftness                      Charms/Air                   2
   c - Repel Missiles                 Charms/Air                   2
   d - Static Discharge               Conjuration/Air              3
   e - Lightning Bolt                 Conjuration/Air              5
 H - a manual of Shields
Comestibles
 c - 5 bread rations
 p - 7 meat rations
 B - a fruit


   Skills:
 + Level 3.8 Fighting
 + Level 5.4 Short Blades
 + Level 3.7 Armour
 + Level 7.0 Dodging
 - Level 2.4 Stealth
 + Level 4.2 Shields
 * Level 12.4 Spellcasting
 + Level 7.1 Conjurations
 + Level 8.1 Fire Magic
 + Level 4.8 Air Magic
 + Level 4.6 Poison Magic
 + Level 5.2 Evocations


You had one spell level left.
You knew the following spells:

 Your Spells              Type           Power        Failure   Level  Hunger
a - Flame Tongue          Conj/Fire      #####        1%          1    None
b - Throw Flame           Conj/Fire      ######       1%          2    None
c - Conjure Flame         Conj/Fire      ######..     1%          3    None
d - Inner Flame           Hex/Fire       ####....     2%          3    None
e - Sticky Flame          Conj/Fire      ######..     1%          4    None
f - Fireball              Conj/Fire      ######....   8%          5    ###....
g - Mephitic Cloud        Conj/Pois/Air  #####...     1%          3    None
h - Repel Missiles        Chrm/Air       ####..       2%          2    None
i - Venom Bolt            Conj/Pois      #####.....   14%         5    ###....
k - Lightning Bolt        Conj/Air       #####.....   12%         5    ###....


Dungeon Overview and Level Annotations

Branches:
Dungeon (10/15)            Temple (1/1) D:7            Lair (0/6) D:10
    Orc: D:9-12

Altars:
Ashenzari
Cheibriados
Dithmenos
Elyvilon
Fedhas
Gozag
Hepliaklqana
Kikubaaqudgha
Makhleb
Nemelex Xobeh
Okawaru
Qazlal
Ru
Sif Muna
Trog
Uskayaw
Vehumet
Xom
Yredelemnul
Zin
The Shining One

Shops:
D:5 *   D:9 }


Innate Abilities, Weirdness & Mutations

You can translocate small distances at will.
You are clumsy. (Dex -2)
Your movements are slightly less encumbered by armour. (ER -2)


Message History

The white ugly thing is lightly wounded.
Casting: Flame Tongue
Confirm with . or Enter, or press ? or * to list all spells.
Aiming: Sticky Flame
Press: ? - help, Shift-Dir - straight line, f/p - white ugly thing
Aim: a white ugly thing (lightly wounded)
The sticky flame hits the white ugly thing.
The white ugly thing is moderately wounded.
The white ugly thing is covered in liquid flames!
The white ugly thing burns!
The white ugly thing gores you. The white ugly thing freezes you!!
* * * LOW HITPOINT WARNING * * *
Unknown command.
Okay, then.
Okay, then.
The white ugly thing burns!
The white ugly thing gores you.
* * * LOW HITPOINT WARNING * * *
The white ugly thing freezes you!!
Ouch! That really hurt!
You die...

..........# ...|......#
...รท......#
..........# ###.......#
..#.......# ###
..#.......#######.#
..#.......#....>..#####
..#.......#....u@.#...#
..#.......#......#....#
..#.......#....>.#....#
..#.......'......#....#
###.......#......#....#
.##########......#....#
.# #########...# .#
##### .#


You could see a white ugly thing (burning).

Vanquished Creatures
  2 two-headed ogres (D:8)
  An orc knight (Bailey)
  An ice statue (D:8)
  4 freezing wraiths (D:10)
  6 ice devils (D:8)
  Grinder (D:3)
  A hippogriff (D:10)
  A spriggan (D:7)
  Sigmund (D:3)
  16 yaks
  A steam dragon (D:10)
  2 hungry ghosts
  Edmund (D:5)
  A water moccasin (D:8)
  The ghost of Kidiri the Magician, an amateur DEFE (D:3)
  19 orc warriors
  An ice beast (D:7)
  A phantom (D:5)
  3 necrophages
  4 ogres
  4 centaurs
  A big kobold (Sewer)
  2 gnoll sergeants
  A wyvern zombie (D:10)
  6 bullfrogs
  2 scorpions
  4 killer bees
  13 wights
  6 howler monkeys
  2 crimson imps
  2 centaur zombies
  3 bullfrog zombies
  4 hounds
  4 jellies
  9 orc wizards
  Crazy Yiuf (D:5)
  2 orc priests
  A bullfrog skeleton (D:4)
  A gnoll shaman (D:9)
  Natasha (twice) (D:3)
  4 iguanas
  4 worker ants
  A worker ant zombie (D:5)
  Robin (D:2)
  17 gnolls
  11 adders
  3 shadow imps (D:5)
  6 ufetubi (D:8)
  2 oozes
  2 adder zombies
  2 worms
  3 dart slugs (D:1)
  5 leopard geckos
  46 orcs
  2 ball pythons
  5 giant cockroaches
  26 goblins
  12 hobgoblins
  15 jackals
  9 quokkas
  5 bats
  8 frilled lizards
  15 kobolds
  10 rats
352 creatures vanquished.

Vanquished Creatures (others)
  A fire vortex (D:6)
1 creature vanquished.

Grand Total: 353 creatures vanquished

Notes
Turn   | Place    | Note
-------+----------+-------------------------------------------
     0 | D:1      | Kidiri the Deep Elf Fire Elementalist began the quest for the Orb.
     0 | D:1      | Reached XP level 1. HP: 10/10 MP: 6/6
   210 | D:1      | Reached XP level 2. HP: 6/15 MP: 2/8
   386 | D:1      | Learned a level 2 spell: Throw Flame
   440 | D:1      | Reached skill level 4 in Spellcasting
   638 | D:1      | Reached XP level 3. HP: 14/19 MP: 8/10
   643 | D:1      | Learned a level 3 spell: Conjure Flame
   651 | D:1      | Learned a level 3 spell: Inner Flame
  1377 | D:2      | Noticed Robin
  1384 | D:2      | Killed Robin
  1503 | D:2      | Reached XP level 4. HP: 16/24 MP: 10/12
  1639 | D:2      | Reached skill level 5 in Spellcasting
  1777 | D:2      | Learned a level 4 spell: Sticky Flame
  2145 | D:2      | Found a sparkling altar of Nemelex Xobeh.
  2597 | D:3      | Gained mutation: You can translocate small distances at will. [potion of mutation]
  2597 | D:3      | Gained mutation: You are clumsy. (Dex -2) [potion of mutation]
  2597 | D:3      | Gained mutation: Your movements are slightly less encumbered by armour. (ER -2) [potion of mutation]
  2703 | D:3      | Noticed Grinder
  2725 | D:3      | Killed Grinder
  2725 | D:3      | Reached skill level 7 in Spellcasting
  2725 | D:3      | Reached XP level 5. HP: 28/28 MP: 0/16
  2725 | D:3      | Reached XP level 6. HP: 32/32 MP: 0/18
  2732 | D:3      | Learned a level 5 spell: Fireball
  2740 | D:3      | Found a faded altar of an unknown god.
  2903 | D:3      | Noticed Sigmund
  2915 | D:3      | Killed Sigmund
  2915 | D:3      | Reached skill level 5 in Fire Magic
  2915 | D:3      | Reached XP level 7. HP: 26/36 MP: 13/20
  3063 | D:3      | Noticed Natasha
  3069 | D:3      | Reached skill level 8 in Spellcasting
  3074 | D:3      | Found a glowing drain.
  3074 | D:3      | Noticed Kidiri's ghost (amateur DEFE)
  3083 | D:3      | Killed Kidiri's ghost
  3098 | Sewer    | Entered a sewer
  3310 | Sewer    | Found a white marble altar of Elyvilon.
  3407 | D:3      | Killed Natasha
  3519 | D:3      | Noticed Natasha
  3524 | D:3      | Killed Natasha
  4655 | D:5      | Entered Level 5 of the Dungeon
  4677 | D:5      | Reached skill level 9 in Spellcasting
  4946 | D:5      | Found Niulishru's Assorted Antiques.
  4951 | D:5      | Reached XP level 8. HP: 40/42 MP: 18/23
  4971 | D:5      | Reached skill level 1 in Short Blades
  4971 | D:5      | Reached skill level 1 in Evocations
  5248 | D:5      | Noticed Edmund
  5257 | D:5      | Killed Edmund
  5257 | D:5      | Reached skill level 1 in Fighting
  5417 | D:5      | Found a runed door.
  5458 | D:5      | Reached skill level 1 in Armour
  5660 | D:5      | Noticed Crazy Yiuf
  5663 | D:5      | Killed Crazy Yiuf
  5771 | D:6      | Reached skill level 1 in Shields
  6133 | D:6      | Found a shadowy altar of Dithmenos.
  6513 | D:6      | Reached skill level 5 in Conjurations
  6517 | D:6      | Reached skill level 10 in Spellcasting
  6804 | D:5      | Bought a leatherbound book for 285 gold pieces
  6808 | D:5      | Learned a level 3 spell: Mephitic Cloud
  6888 | D:7      | Reached XP level 9. HP: 45/48 MP: 12/25
  7102 | D:8      | Reached skill level 1 in Poison Magic
  7158 | D:8      | Found an iron altar of Okawaru.
  7343 | D:8      | Found a snail-covered altar of Cheibriados.
  7728 | D:8      | Reached skill level 1 in Air Magic
  7752 | D:8      | Noticed a two-headed ogre
  7765 | D:8      | Killed a two-headed ogre
  7766 | D:8      | Noticed a two-headed ogre
  7781 | D:8      | Killed a two-headed ogre
  7781 | D:8      | Reached skill level 5 in Dodging
  7781 | D:8      | Reached XP level 10. HP: 32/54 MP: 6/26
  8125 | D:8      | Noticed an ice statue
  8126 | D:8      | Reached skill level 11 in Spellcasting
  8582 | D:8      | Found a sacrificial altar of Ru.
  9133 | D:7      | Found a blossoming altar of Fedhas.
  9432 | D:7      | Found a staircase to the Ecumenical Temple.
  9438 | Temple   | Entered the Ecumenical Temple
  9811 | D:9      | Found Luykocia's Gadget Shoppe.
  9878 | D:9      | Found a hide-covered altar of Uskayaw.
 10039 | D:9      | Reached XP level 11. HP: 31/60 MP: 10/28
 10074 | D:9      | Found a flagged portal.
 10090 | Bailey   | Entered a bailey
 11693 | Bailey   | Found a roughly hewn altar of Beogh.
 11693 | Bailey   | Noticed an orc knight
 11699 | Bailey   | Killed an orc knight
 11798 | D:9      | Found a shattered altar of Ashenzari.
 11861 | D:9      | Found a radiant altar of Vehumet.
 11865 | D:9      | Became a worshipper of Vehumet
 11900 | D:9      | Reached skill level 12 in Spellcasting
 12301 | D:8      | Reached skill level 5 in Short Blades
 12664 | D:10     | Entered Level 10 of the Dungeon
 12665 | D:10     | Identified a scroll of acquirement
 12665 | D:10     | Identified the Papyrus of Envenoming and Curses (You acquired it on level 10 of the Dungeon)
 12671 | D:10     | Learned a level 2 spell: Repel Missiles
 12678 | D:10     | Learned a level 5 spell: Venom Bolt
 12692 | D:10     | Reached * piety under Vehumet
 12692 | D:10     | Offered knowledge of Shock by Vehumet.
 12693 | D:10     | Reached skill level 5 in Evocations
 13150 | D:9      | Learned a level 1 spell: Shock
 13276 | D:10     | Found an iron altar of Okawaru.
 13343 | D:10     | Got a steaming trident
 13344 | D:10     | Identified the +12 trident "Byre" {flame, rElec Str+5 Dex-4 Stlth+} (You found it on level 10 of the Dungeon)
 13348 | D:10     | Found a staircase to the Lair.
 13525 | D:10     | Learned a level 5 spell: Lightning Bolt
 13534 | D:10     | Noticed a death knight
 13612 | D:9      | Noticed a white ugly thing
 13617 | D:9      | HP: 2/60 [white ugly thing (5)]
 13617 | D:9      | Annihilated by a white ugly thing

Vault maps used:
D:1:      dpeg_arrival_chambers_temple_mockup, st_stairs_2
D:2:      nemelex_xobeh_ov_fountains_minmay, serial_co_window_serial,
          co_window_cross_1, co_window_paths_a, co_window_paths_a,
          co_window_paths_b, co_window_paths_a, co_window_broadway_c,
          co_window_paths_c, co_window_unsneaky_path_e, co_window_corner_b,
          co_window_broadway_a, glass_columns_a, glass_columns_a,
          serial_bayou_lagoon_a, uniq_robin
D:3:      chequers_ecumenical_altar_island, gup_sewer_entry_pipe, first_bread,
          uniq_natasha, uniq_grinder, uniq_sigmund
D:5:      serial_shops, nicolae_shop_waterfront, uniq_crazy_yiuf_cottage,
          uniq_edmund
D:6:      grunt_dithmenos_smoke_and_mirrors
D:7:      fedhas_bush_and_centaur_altar, temple_green, the_bakery
D:8:      cheibrodos_frozen_isle, kennysheep_little_box,
          okawaru_metal_pillars_1_2, nicolae_overflow_crystal_walls,
          corexii_corridor_pit
D:9:      kennysheep_mini_moat, eat_drink_and_be_merry_uskayaw,
          lemuel_crystal_altar, enter_bailey_3, serial_shops, shop_coins
D:10:     lair_entry_dummy, basic_altar
Temple:   nicolae_temple_hex_pool
Sewer:    sewer_kobolds
Bailey:   bailey_polearm_2, bailey

Skill      XL: |  1  2  3  4  5  6  7  8  9 10 11 |
---------------+----------------------------------+-----
Spellcasting   | 4 7 9 10 11 12 | 12.4
Conjurations   | 2 3 4 5 6 7 |  7.1
Fire Magic     | 4 5 6 7 8 |  8.1
Short Blades   | 2 3 4 5 |  5.4
Evocations     | 2 3 4 5 |  5.2
Fighting       | 1 2 3 |  3.8
Armour         | 1 2 3 |  3.7
Dodging        | 3 5 7 |  7.0
Shields        | 1 2 3 4 |  4.2
Poison Magic   | 2 3 4 |  4.6
Air Magic      | 1 3 4 |  4.8
Stealth        | |  2.4

Action                   |  1- 3 |  4- 6 |  7- 9 | 10-12 || total
-------------------------+-------+-------+-------+-------++-------
Melee: Dagger            |    50 |    33 |   236 |    28 ||   347
       Rapier            |       |       |       |   111 ||   111
       Trident           |       |       |       |    11 ||    11
 Cast: Flame Tongue      |    58 |    42 |   149 |   173 ||   422
       Conjure Flame     |     1 |     1 |     7 |     6 ||    15
       Throw Flame       |       |    11 |    18 |    62 ||    91
       Sticky Flame      |       |     5 |    22 |    53 ||    80
       Inner Flame       |       |       |     6 |     1 ||     7
       Fireball          |       |       |     4 |    21 ||    25
       Venom Bolt        |       |       |       |     1 ||     1
       Repel Missiles    |       |       |       |     1 ||     1
  Use: Scroll            |       |    10 |     9 |    12 ||    31
       Potion            |       |     2 |     3 |     2 ||     7
 Stab: Sleeping          |     2 |     1 |     5 |     7 ||    15
  Eat: Chunk             |     2 |     5 |    13 |     4 ||    24
       Royal jelly       |       |       |     2 |     1 ||     3
       Bread ration      |       |       |       |     3 ||     3
       Fruit             |       |       |       |     2 ||     2
Armor: Robe              |    17 |    11 |    20 |    15 ||    63
       Leather armour    |       |       |    68 |    11 ||    79
       Skin              |       |       |       |     1 ||     1
Dodge: Dodged            |    51 |    38 |   174 |   141 ||   404
Block: Buckler           |       |       |    50 |    76 ||   126
